| TOP OF THE 1ST |
|
Calgary Flames batting - Pitching for Kelowna Heat : RHP Pat Wiggins
|
|
Pitching: RHP Pat Wiggins
|
|
|
Batting: RHB Dave McBain
|
0-0: Called Strike 0-1: Called Strike 0-2: DOUBLE (Line Drive, 8RXD, EV 105.0 MPH)
|
|
Batting: RHB Brian DeVoe
|
0-0: Foul Ball, location: 2F 0-1: Ball 1-1: Foul Ball, location: 2F 1-2: Ball 2-2: Foul Ball, location: 2F 2-2: Ball 3-2: Foul Ball, location: 2F 3-2: Ground out 6-3 (Groundball, 6, EV 99.4 MPH)
|
|
Batting: RHB Eric McMillian
|
0-0: Called Strike Dave McBain steals 3rd base 0-1: Ball 1-1: Ball 2-1: SINGLE (Flyball, 8RS, EV 92.5 MPH) Dave McBain scores
|
|
Batting: RHB Adrian Cook
|
0-0: Ball 1-0: Fly out, F8 (Line Drive, 8RM, EV 94.4 MPH)
|
|
Batting: RHB Kalidas Mishra
|
0-0: Called Strike 0-1: Ball 1-1: Swinging Strike 1-2: Strikes out looking
|
| Top of the 1st over - 1 run, 2 hits, 0 errors, 1 left on base; Calgary 1 - Kelowna 0 |
| BOTTOM OF THE 1ST |
|
Kelowna Heat batting - Pitching for Calgary Flames : LHP Dae-Jung Cho
|
|
Pitching: LHP Dae-Jung Cho
|
|
|
Batting: RHB Miguel Gonzalez
|
0-0: Fly out, F8 (Flyball, 8RD, EV 84.4 MPH)
|
|
Batting: RHB Malik Sharpless
|
0-0: Called Strike 0-1: Called Strike 0-2: Fly out, F7 (Line Drive, 7, EV 92.5 MPH)
|
|
Batting: LHB Chris West
|
0-0: Ball 1-0: Swinging Strike 1-1: Called Strike 1-2: Ball 2-2: Ball 3-2: Strikes out looking
|
| Bottom of the 1st over - 0 runs, 0 hits, 0 errors, 0 left on base; Calgary 1 - Kelowna 0 |
| TOP OF THE 2ND |
|
Calgary Flames batting - Pitching for Kelowna Heat : RHP Pat Wiggins
|
|
Batting: RHB Ricardo Ortiz
|
0-0: Called Strike 0-1: Ball 1-1: Ball 2-1: Foul Ball, location: 2F 2-2: Ball 3-2: Foul Ball, location: 2F 3-2: Foul Ball, location: 2F 3-2: SINGLE (Groundball, 56D, EV 108.8 MPH)
|
|
Batting: RHB Mike MacLeod
|
0-0: Ball 1-0: Called Strike 1-1: Foul Ball, location: 2F 1-2: Ball 2-2: Ball 3-2: Ground out 5-3 (Groundball, 56S, EV 65.0 MPH) Ricardo Ortiz to second
|
|
Batting: LHB James McCauley
|
0-0: Swinging Strike 0-1: Swinging Strike 0-2: Ground out 1-3 (Groundball, 34S, EV 66.2 MPH) Ricardo Ortiz to third
|
|
Batting: RHB Jon Groseclose
|
0-0: Called Strike 0-1: Ball 1-1: Swinging Strike 1-2: Ball 2-2: Strikes out swinging, 2-3 out at first.
|
| Top of the 2nd over - 0 runs, 1 hit, 0 errors, 1 left on base; Calgary 1 - Kelowna 0 |
| BOTTOM OF THE 2ND |
|
Kelowna Heat batting - Pitching for Calgary Flames : LHP Dae-Jung Cho
|
|
Batting: RHB Billy Pranger
|
0-0: Foul Ball, location: 2F 0-1: Foul Ball, location: 2F 0-2: SINGLE (Line Drive, 9S, EV 91.2 MPH)
|
|
Batting: LHB Steve Nevis
|
0-0: Grounds out, U3 (Groundball, 3L, EV 86.9 MPH)
|
|
Batting: RHB Josh Truell
|
0-0: Ball 1-0: Foul Ball, location: 2F 1-1: SINGLE (Groundball, 56D, EV 105.6 MPH) Billy Pranger to third
|
|
Batting: LHB Takaaki Nishimoto
|
0-0: Called Strike 0-1: Ball 1-1: Fly out, F8 (Flyball, 8LS, EV 91.2 MPH)
|
|
Batting: RHB Bob Schweiger
|
0-0: Called Strike 0-1: Foul Ball, location: 2F 0-2: Strikes out swinging
|
| Bottom of the 2nd over - 0 runs, 2 hits, 0 errors, 2 left on base; Calgary 1 - Kelowna 0 |
| TOP OF THE 3RD |
|
Calgary Flames batting - Pitching for Kelowna Heat : RHP Pat Wiggins
|
|
Batting: RHB Dave McBain
|
0-0: Foul Ball, location: 2F 0-1: Ball 1-1: Ball 2-1: Ball 3-1: Fly out, F6 (Line Drive, 6, EV 68.1 MPH)
|
|
Batting: RHB Brian DeVoe
|
0-0: Fly out, F7 (Flyball, 7, EV 88.8 MPH)
|
|
Batting: RHB Eric McMillian
|
0-0: Foul Ball, location: 2F 0-1: Called Strike 0-2: Ball 1-2: Foul Ball, location: 2F 1-2: Strikes out swinging
|
| Top of the 3rd over - 0 runs, 0 hits, 0 errors, 0 left on base; Calgary 1 - Kelowna 0 |
| BOTTOM OF THE 3RD |
|
Kelowna Heat batting - Pitching for Calgary Flames : LHP Dae-Jung Cho
|
|
Batting: RHB Chance Robinson
|
0-0: Swinging Strike 0-1: Ball 1-1: Ball 2-1: Ball 3-1: Swinging Strike 3-2: Foul Ball, location: 2F 3-2: Foul Ball, location: 2F 3-2: Strikes out swinging
|
|
Batting: RHB Miguel Gonzalez
|
0-0: Called Strike 0-1: Fly out, F9 (Flyball, 89M, EV 84.4 MPH)
|
|
Batting: RHB Malik Sharpless
|
0-0: Ball 1-0: Swinging Strike 1-1: Ball 2-1: Foul Ball, location: 2F 2-2: Ball 3-2: Strikes out looking
|
| Bottom of the 3rd over - 0 runs, 0 hits, 0 errors, 0 left on base; Calgary 1 - Kelowna 0 |
| TOP OF THE 4TH |
|
Calgary Flames batting - Pitching for Kelowna Heat : RHP Pat Wiggins
|
|
Batting: RHB Adrian Cook
|
0-0: Ball 1-0: Ball 2-0: Foul Ball, location: 2F 2-1: Ball 3-1: Foul Ball, location: 2F 3-2: Foul Ball, location: 2F 3-2: Ground out 5-3 (Groundball, 56, EV 91.2 MPH)
|
|
Batting: RHB Kalidas Mishra
|
0-0: Ball 1-0: Called Strike 1-1: Swinging Strike 1-2: Fly out, F9 (Line Drive, 9D, EV 87.5 MPH)
|
|
Batting: RHB Ricardo Ortiz
|
0-0: Foul Ball, location: 2F 0-1: Ball 1-1: Ball 2-1: Foul Ball, location: 2F 2-2: Fly out, F7 (Flyball, 7LS, EV 81.2 MPH)
|
| Top of the 4th over - 0 runs, 0 hits, 0 errors, 0 left on base; Calgary 1 - Kelowna 0 |
| BOTTOM OF THE 4TH |
|
Kelowna Heat batting - Pitching for Calgary Flames : LHP Dae-Jung Cho
|
|
Batting: LHB Chris West
|
0-0: Ball 1-0: Called Strike 1-1: Swinging Strike 1-2: Strikes out swinging
|
|
Batting: RHB Billy Pranger
|
0-0: Ball 1-0: Swinging Strike 1-1: Swinging Strike 1-2: Ball 2-2: Foul Ball, location: 2F 2-2: Strikes out swinging
|
|
Batting: LHB Steve Nevis
|
0-0: Ball 1-0: Foul Ball, location: 2F 1-1: SINGLE (Line Drive, 78S, EV 109.4 MPH)
|
|
Batting: RHB Josh Truell
|
0-0: Ball 1-0: Foul Ball, location: 2F 1-1: Ball 2-1: Ball Steve Nevis is caught stealing 2nd base 2-4
|
| Bottom of the 4th over - 0 runs, 1 hit, 0 errors, 0 left on base; Calgary 1 - Kelowna 0 |
| TOP OF THE 5TH |
|
Calgary Flames batting - Pitching for Kelowna Heat : RHP Pat Wiggins
|
|
Batting: RHB Mike MacLeod
|
0-0: Called Strike 0-1: Swinging Strike 0-2: Strikes out swinging
|
|
Batting: LHB James McCauley
|
0-0: Ball 1-0: Called Strike 1-1: Foul Ball, location: 2F 1-2: Strikes out swinging
|
|
Batting: RHB Jon Groseclose
|
0-0: Ball 1-0: Swinging Strike 1-1: Ball 2-1: Foul Ball, location: 2F 2-2: Fly out, F9 (Flyball, 9S, EV 86.2 MPH)
|
| Top of the 5th over - 0 runs, 0 hits, 0 errors, 0 left on base; Calgary 1 - Kelowna 0 |
| BOTTOM OF THE 5TH |
|
Kelowna Heat batting - Pitching for Calgary Flames : LHP Dae-Jung Cho
|
|
Batting: RHB Josh Truell
|
0-0: Called Strike 0-1: Swinging Strike 0-2: Strikes out swinging
|
|
Batting: LHB Takaaki Nishimoto
|
0-0: Called Strike 0-1: Foul Ball, location: 2F 0-2: Ball 1-2: Fly out, F2 (Popup, 5SF, EV 80.0 MPH)
|
|
Batting: RHB Bob Schweiger
|
0-0: Foul Ball, location: 2F 0-1: Ball 1-1: Swinging Strike 1-2: Strikes out swinging
|
| Bottom of the 5th over - 0 runs, 0 hits, 0 errors, 0 left on base; Calgary 1 - Kelowna 0 |
| TOP OF THE 6TH |
|
Calgary Flames batting - Pitching for Kelowna Heat : RHP Pat Wiggins
|
|
Pitching: RHP Jonathan Simi
|
|
|
Batting: RHB Dave McBain
|
0-0: Hit by Pitch
|
|
Batting: RHB Brian DeVoe
|
0-0: Ball 1-0: Called Strike 1-1: Swinging Strike 1-2: Foul Ball, location: 2F 1-2: Foul Ball, location: 2F 1-2: Foul Ball, location: 2F 1-2: Strikes out swinging
|
|
Batting: RHB Eric McMillian
|
0-0: Called Strike 0-1: Ball Dave McBain steals 2nd base 1-1: Intentional Walk
|
|
Batting: RHB Adrian Cook
|
0-0: Ball 1-0: Ball 2-0: Ball 3-0: Called Strike 3-1: Ground out 5-3 (Groundball, 56S, EV 66.2 MPH) Dave McBain to third Eric McMillian to second
|
|
Batting: RHB Kalidas Mishra
|
0-0: Ball 1-0: Ball 2-0: Ball 3-0: Base on Balls
|
|
Batting: RHB Ricardo Ortiz
|
0-0: Ball 1-0: Swinging Strike 1-1: Swinging Strike 1-2: Foul Ball, location: 2F 1-2: DOUBLE (Flyball, 9LM, EV 96.2 MPH) Dave McBain scores Eric McMillian scores Kalidas Mishra to third
|
|
Batting: RHB Mike MacLeod
|
0-0: Intentional Walk
|
|
Batting: LHB James McCauley
|
0-0: Called Strike 0-1: Ball 1-1: Ball 2-1: Ball 3-1: Called Strike 3-2: Base on Balls Kalidas Mishra scores Ricardo Ortiz to third Mike MacLeod to second
|
|
Pitching: RHP Ryan Hoagland
|
|
|
Batting: RHB Jon Groseclose
|
0-0: Ball 1-0: Called Strike 1-1: Ball 2-1: Foul Ball, location: 2F 2-2: Strikes out looking
|
| Top of the 6th over - 3 runs, 1 hit, 0 errors, 3 left on base; Calgary 4 - Kelowna 0 |
| BOTTOM OF THE 6TH |
|
Kelowna Heat batting - Pitching for Calgary Flames : LHP Dae-Jung Cho
|
|
Batting: RHB Chance Robinson
|
0-0: Ball 1-0: Foul Ball, location: 2F 1-1: Fly out, F8 (Line Drive, 8LD, EV 93.8 MPH)
|
|
Batting: RHB Miguel Gonzalez
|
0-0: Ball 1-0: Ball 2-0: Called Strike 2-1: Ball 3-1: Foul Ball, location: 2F 3-2: Strikes out swinging
|
|
Batting: RHB Malik Sharpless
|
0-0: Called Strike 0-1: Fly out, F7 (Flyball, 7S, EV 73.1 MPH)
|
| Bottom of the 6th over - 0 runs, 0 hits, 0 errors, 0 left on base; Calgary 4 - Kelowna 0 |
| TOP OF THE 7TH |
|
Calgary Flames batting - Pitching for Kelowna Heat : RHP Ryan Hoagland
|
|
Batting: RHB Dave McBain
|
0-0: Foul Ball, location: 2F 0-1: Ball 1-1: Ball 2-1: SINGLE (Groundball, 5L, EV 86.9 MPH) (infield hit)
|
|
Batting: RHB Brian DeVoe
|
0-0: Ball 1-0: Foul Ball, location: 2F 1-1: Fielders Choice at 2nd, 4-6 (Groundball, 34, EV 105.0 MPH)
|
|
Batting: RHB Eric McMillian
|
0-0: Called Strike 0-1: Foul Ball, location: 2F 0-2: Ball 1-2: Ball 2-2: Fielders Choice at 2nd, 3-6 (Groundball, 34, EV 80.0 MPH)
|
|
Batting: RHB Adrian Cook
|
0-0: Ball 1-0: Ball 2-0: Called Strike 2-1: SINGLE (Line Drive, 7LS, EV 104.4 MPH) Eric McMillian to second
|
|
Batting: RHB Kalidas Mishra
|
0-0: Ball 1-0: Ball 2-0: Ball 3-0: Called Strike 3-1: Swinging Strike 3-2: Ground out 5-3 (Groundball, 5L, EV 103.1 MPH)
|
| Top of the 7th over - 0 runs, 2 hits, 0 errors, 2 left on base; Calgary 4 - Kelowna 0 |
| BOTTOM OF THE 7TH |
|
Kelowna Heat batting - Pitching for Calgary Flames : LHP Dae-Jung Cho
|
|
Batting: LHB Chris West
|
0-0: Ball 1-0: Called Strike 1-1: Swinging Strike 1-2: Ball 2-2: Foul Ball, location: 2F 2-2: Strikes out swinging
|
|
Batting: RHB Billy Pranger
|
0-0: Ball 1-0: SOLO HOME RUN (Flyball, 7D, EV 96.2 MPH), Distance : 394 ft
|
|
Batting: LHB Steve Nevis
|
0-0: Foul Ball, location: 2F 0-1: Swinging Strike 0-2: Ball 1-2: Strikes out swinging
|
|
Batting: RHB Josh Truell
|
0-0: Ball 1-0: Called Strike 1-1: Swinging Strike 1-2: Strikes out swinging
|
| Bottom of the 7th over - 1 run, 1 hit, 0 errors, 0 left on base; Calgary 4 - Kelowna 1 |
| TOP OF THE 8TH |
|
Calgary Flames batting - Pitching for Kelowna Heat : RHP Ryan Hoagland
|
|
Pitching: LHP Jimmy Heinecke
|
|
|
Batting: RHB Ricardo Ortiz
|
0-0: Foul Ball, location: 2F 0-1: Foul Ball, location: 2F 0-2: Ball 1-2: Ball 2-2: Ball 3-2: SINGLE (Line Drive, 4D, EV 103.8 MPH)
|
|
Batting: RHB Mike MacLeod
|
0-0: Ball 1-0: Ball 2-0: Called Strike 2-1: Fly out, F6 (Popup, 6MS, EV 68.1 MPH)
|
|
Batting: LHB James McCauley
|
0-0: Called Strike 0-1: Ball 1-1: Ball 2-1: Fly out, F7 (Flyball, 7D, EV 98.8 MPH)
|
|
Batting: RHB Jon Groseclose
|
0-0: Ball 1-0: Called Strike 1-1: Swinging Strike 1-2: SINGLE (Line Drive, 9LS, EV 101.2 MPH) Ricardo Ortiz to second
|
|
Batting: RHB Dave McBain
|
0-0: Fielders Choice at 2nd, 5-4 (Groundball, 56, EV 85.6 MPH)
|
| Top of the 8th over - 0 runs, 2 hits, 0 errors, 2 left on base; Calgary 4 - Kelowna 1 |
| BOTTOM OF THE 8TH |
|
Kelowna Heat batting - Pitching for Calgary Flames : LHP Dae-Jung Cho
|
|
Batting: LHB Takaaki Nishimoto
|
0-0: Ball 1-0: Called Strike 1-1: Swinging Strike 1-2: Foul Ball, location: 2F 1-2: Ball 2-2: Foul Ball, location: 2F 2-2: Ball 3-2: Base on Balls
|
|
Batting: RHB Bob Schweiger
|
0-0: Called Strike 0-1: Foul Ball, location: 2F 0-2: Foul Ball, location: 2F 0-2: Ball 1-2: Ball 2-2: Strikes out swinging
|
|
Pitching: RHP Dave Waterman
|
|
|
Batting: RHB Chance Robinson
|
0-0: Bunted foul 0-1: Sac Bunt to P - play at first, batter OUT! 1-4 Takaaki Nishimoto to second
|
|
Batting: RHB Miguel Gonzalez
|
0-0: Ball 1-0: Called Strike 1-1: Swinging Strike 1-2: Strikes out swinging
|
| Bottom of the 8th over - 0 runs, 0 hits, 0 errors, 1 left on base; Calgary 4 - Kelowna 1 |
| TOP OF THE 9TH |
|
Calgary Flames batting - Pitching for Kelowna Heat : LHP Jimmy Heinecke
|
|
Pitching: RHP Jay Kouns
|
|
|
Batting: RHB Brian DeVoe
|
0-0: Fly out, F8 (Flyball, 8RD, EV 82.5 MPH)
|
|
Batting: RHB Eric McMillian
|
0-0: Called Strike 0-1: Ball 1-1: Ball 2-1: Called Strike 2-2: Foul Ball, location: 2F 2-2: Fly out, F8 (Flyball, 8LD, EV 93.8 MPH)
|
|
Batting: RHB Adrian Cook
|
0-0: Called Strike 0-1: Foul Ball, location: 2F 0-2: Ball 1-2: Ball 2-2: Foul Ball, location: 2F 2-2: Strikes out swinging
|
| Top of the 9th over - 0 runs, 0 hits, 0 errors, 0 left on base; Calgary 4 - Kelowna 1 |
| BOTTOM OF THE 9TH |
|
Kelowna Heat batting - Pitching for Calgary Flames : RHP Dave Waterman
|
|
Pitching: RHP Mike Swenson
|
|
|
Batting: RHB Malik Sharpless
|
0-0: Ball 1-0: Fly out, F8 (Flyball, 78M, EV 94.4 MPH)
|
|
Batting: LHB Chris West
|
0-0: Foul Ball, location: 2F 0-1: Swinging Strike 0-2: Strikes out looking
|
|
Batting: RHB Billy Pranger
|
0-0: Ball 1-0: Foul Ball, location: 2F 1-1: Ball 2-1: Ball 3-1: Called Strike 3-2: Ground out 6-3 (Groundball, 4M, EV 89.4 MPH)
|
| Bottom of the 9th over - 0 runs, 0 hits, 0 errors, 0 left on base; Calgary 4 - Kelowna 1 |
|